 Dungeon Crawl Stone Soup version 0.28-a0-1555-g9ae15a6949 (webtiles) character file.

Game seed: 13020897151198912053

30 buddhastalin the Skirmisher (level 3, -5/46 HPs)
             Began as a Draconian Berserker on Jan 19, 2022.
             Was a Believer of Trog.
             Slain by Sigmund (8 damage)
             ... on level 2 of the Dungeon.
             The game lasted 00:01:33 (1043 turns).

buddhastalin the Skirmisher (Draconian Berserker)   Turns: 1043, Time: 00:01:33

Health: -5/46      AC:  6    Str: 21    XL:     3   Next: 3%
Magic:  3/3        EV: 10    Int:  7    God:    Trog [**....]
Gold:   54         SH:  6    Dex: 10    Spells: 2/2 levels left

rFire   . . .      SeeInvis .   a - +0 spear
rCold   . . .      Faith    .   e - +0 kite shield {rPois}
rNeg    . . .      Spirit   .   (armour unavailable)
rPois   +          Reflect  .   (helmet restricted)
rElec   .          Harm     .   (no cloak)
rCorr   .          Rampage  .   (no gloves)
Will    .....                   b - +0 pair of boots
Stlth   ..........              (no amulet)
HPRegen 0.15/turn               (no ring)
MPRegen 0.08/turn               (no ring)

@: berserking, very quick
A: AC +5, unfitting armour, cold-blooded
a: Renounce Religion, Berserk, Trog's Hand


You were on level 2 of the Dungeon.
You worshipped Trog.
Trog was pleased with you.
You visited 1 branch of the dungeon, and saw 2 of its levels.

You collected 54 gold pieces.

Inventory:

Hand Weapons
 a - a +0 spear (weapon)
Armour
 b - a +0 pair of boots (worn)
 e - a +0 kite shield of poison resistance (worn)
Scrolls
 c - 3 scrolls of vulnerability {unknown}
 d - a scroll of teleportation {unknown}


   Skills:
 + Level 3.6 Fighting
 * Level 3.6 Polearms
 + Level 3.0 Dodging
 + Level 0.2 Shields


You had 2 spell levels left.
You didn't know any spells.
Your spell library was empty.

Dungeon Overview and Level Annotations

Branches:
Dungeon (2/15)

Altars:

Annotations:
D:2 Sigmund


Innate Abilities, Weirdness & Mutations

Your plain brown scales are hard. (AC +5)
You cannot fit into any form of body armour.
You are cold-blooded and may be slowed by cold attacks.


Message History

The magic dart hits you!
Sigmund points at you and mumbles some strange words.
You are more confused.
Sigmund completely misses you. Sigmund gestures at you while chanting.
You are more confused.
Things that are here:
a +2 dagger of holy wrath; a +0 dagger Sigmund barely misses you.
Sigmund seems less brilliant.
Sigmund closely misses you. Sigmund hits you but does no damage.
Sigmund closely misses you.
You barely miss Sigmund. Sigmund hits you with a +0 scythe.
You hit Sigmund.
Sigmund is lightly wounded.
Sigmund says, "Look into my eyes."
Sigmund barely misses you.
You're too confused to move!
Sigmund casts a spell at you. The puff of flame hits you.
You see here 21 bolts.
Sigmund mumbles some strange words.
Sigmund flickers and vanishes!
Deactivating autopickup; reactivate with Ctrl-A.
You feel less confused.
You hear some strange, mumbled words.
A puff of flame appears from out of thin air!
The puff of flame misses you.
A red film seems to cover your vision as you go berserk!
You feel yourself moving faster!
You feel mighty! Something hits you.
You barely miss something.
Your tail-slap misses something.
You closely miss something.
You hear some strange, mumbled words.
A magic dart appears from out of thin air!
The magic dart hits you.
You miss something. Something hits you!
* * * LOW HITPOINT WARNING * * *
You barely miss something. You miss something.
Your tail-slap misses something.
Something hits you!
You die...

##.# ##..
###..####...#
##..!.......#
##........#.#
.##......>....#
..............#
..# #........(.#
.. #......{...#
#..##....).@...# .
#.............##
#.#...#..........#
......#..........#
.................#
##..#.<.........#
.. #...........#
..............#
.............##..


There were no monsters in sight!

Vanquished Creatures
  An endoplasm (D:1)
  2 giant cockroaches (D:1)
  A goblin (D:2)
  3 hobgoblins (D:1)
  2 jackals (D:1)
  4 quokkas (D:1)
  5 bats (D:1)
  3 frilled lizards (D:1)
  5 kobolds
  2 rats (D:1)
28 creatures vanquished.

Notes
Turn   | Place    | Note
-------+----------+-------------------------------------------
     0 | D:1      | buddhastalin the Draconian Berserker began the quest for
                  | the Orb.
     0 | D:1      | Reached XP level 1. HP: 19/19 MP: 1/1
   143 | D:1      | Reached XP level 2. HP: 24/26 MP: 2/2
   773 | D:1      | Reached ** piety under Trog
  1013 | D:2      | Reached XP level 3. HP: 31/31 MP: 3/3
  1014 | D:2      | Noticed Sigmund
  1043 | D:2      | Slain by Sigmund

Illustrated notes

Levels and vault maps discovered:
D:1:      lightli_arrival_statuegarden, layout_basic, minmay_misc_feat_alley,
          fountainhead
D:2:      layout_rooms, ebering_ecumenical_altar_hall, uniq_terence,
          uniq_natasha, uniq_jessica, uniq_sigmund

Skill      XL: |  1  2 |
---------------+-------+-----
Dodging        | 3 |  3.0
Fighting       | |  3.6
Polearms       | |  3.6
Shields        | |  0.2

Action                   || total
-------------------------++-------
Melee: Spear             ||    89
       Tailslap          ||     6
Invok: Berserk           ||     1
 Stab: Sleeping          ||     1
Armor: Skin              ||    22
Dodge: Dodged            ||    42
Block: Kite shield       ||     3

Table legend: (Time is in decaauts)
 A = Elapsed time spent in this place.
 B = Non-inter-level travel time spent in this place.
 C = Inter-level travel time spent in this place.
 D = Time resting spent in this place.
 E = Time spent auto-exploring this place.
 F = Levels seen in this place.
 G = Mean time per level.
                   A        B        C        D        E       F      G
               +--------+--------+--------+--------+--------+-----+--------+
         Total |   1043 |   1024 |     19 |    243 |    593 |   2 |  521.5 |
       Dungeon |   1043 |   1024 |     19 |    243 |    593 |   2 |  521.5 |
               +--------+--------+--------+--------+--------+-----+--------+

Top non-repeatable levels by time:
     D:1: 1008 daAuts
     D:2: 35 daAuts
